Workbook
Name Excel_BuiltIn_Print_Area_1: #REF!
Name Excel_BuiltIn_Print_Area_1_1: "$#ССЫЛ!.$A$1:$E$17"
Name Excel_BuiltIn_Print_Area_10: #REF!
Name Excel_BuiltIn_Print_Area_11: #REF!
Name Excel_BuiltIn_Print_Area_12: #REF!
Name Excel_BuiltIn_Print_Area_13: #REF!
Name Excel_BuiltIn_Print_Area_2_1: #REF!
Name Excel_BuiltIn_Print_Area_3_1: #REF!
Name Excel_BuiltIn_Print_Area_5: #REF!
Name Excel_BuiltIn_Print_Area_6_1: #REF!
Name Excel_BuiltIn_Print_Area_7: #REF!
Name Excel_BuiltIn_Print_Area_8: #REF!
Name Excel_BuiltIn_Print_Area_9: #REF!
Name БС1: "$#ССЫЛ!.$D$129"
Name БС2: "$#ССЫЛ!.$D$135"
Name БС3: "$#ССЫЛ!.$D$141"
Name Д1: "$#ССЫЛ!.$D$149"
Name Д2: "$#ССЫЛ!.$D$158"
Name Д3: "$#ССЫЛ!.$D$164"
Name К1: "$#ССЫЛ!.$D$#ССЫЛ!"
Name К2: "$#ССЫЛ!.$D$#ССЫЛ!"
Name КО1: "$#ССЫЛ!.$D$#ССЫЛ!"
Name КО3: "$#ССЫЛ!.$D$#ССЫЛ!"
Name ЛП: "$#ССЫЛ!.$D$285"
Name ЛП1: "$#ССЫЛ!.$D$284"
Name МП1: "$#ССЫЛ!.$D$181"
Name МП1.1: "$#ССЫЛ!.$D$178"
Name МП2: "$#ССЫЛ!.$D$195"
Name МП3: "$#ССЫЛ!.$D$215"
Name МП4: "$#ССЫЛ!.$D$235"
Name МП5: "$#ССЫЛ!.$D$256"
Name МП6: "$#ССЫЛ!.$D$259"
Name МП7: "$#ССЫЛ!.$D$270"
Name МП8: "$#ССЫЛ!.$D$277"
Name С1: "$#ССЫЛ!.$D$#ССЫЛ!"
Name С10: "$#ССЫЛ!.$D$121"
Name С2: "$#ССЫЛ!.$D$#ССЫЛ!"
Name С3: "$#ССЫЛ!.$D$11"
Name С4: "$#ССЫЛ!.$D$#ССЫЛ!"
Name С5: "$#ССЫЛ!.$D$#ССЫЛ!"
Name С5.1: "$#ССЫЛ!.$D$#ССЫЛ!"
Name С5.2: "$#ССЫЛ!.$D$43"
Name С6: "$#ССЫЛ!.$D$66"
Name С7: "$#ССЫЛ!.$D$72"
Name С8: "$#ССЫЛ!.$D$78"
Name С9: "$#ССЫЛ!.$D$99"

Sheet ГП-75
J1: Приложение №1
J2: к Договору подряда №
B4: ПОДРЯДЧИК: | D4: ТЕХНИЧЕСКИЙ ЗАКАЗЧИК: | G4: ЗАКАЗЧИК:
D5: ООО "ТЗ "ЭНКО" | G5: ООО "ЭНКО"
B7: ______________/ | D7: _____________/С.И. Ярков | G7: _________________/С.И. Ярков
A9: Локальный сметный расчет №1 (ГП-75)
A11: № | B11: Наименование | C11: Характеристика | D11: Ед. изм. | E11: Норма расхода | F11: Кол-во | G11: Цена за ед.изм. | H11: Сумма | I11: Примечание | J11: Форма закупа материала
A12: 03 | B12: Каркас
A13: 03.03 | B13: Временные ограждения (решетчатые двери)
A14: 03.03.01 | B14: Устройство временных ограждений (решетчатые двери)
A15: 03.03.01.00 | B15: Устройство временных ограждений (решетчатые двери) | H15: =H16+H19 -> 0
B16: Работа: | H16: =SUM(H17:H18) -> 0
B17: Изготовление и монтаж временного ограждения (решетчатые двери) | D17: шт | F17: 91 | G17: =VLOOKUP(B17,Работа!B10:H15,6,0) -> 0 | H17: =G17*F17 -> 0
B18: Монтаж временного ограждения (решетчатые двери) | D18: шт | F18: 73 | G18: =VLOOKUP(B18,Работа!B11:H16,6,0) -> 0 | H18: =G18*F18 -> 0
B19: Материалы: | H19: =SUM(H20:H23) -> 0
B20: Арматура | C20: Ø12 А500С | D20: т | E20: 0.023 | F20: =E20*F17 -> 2.093 | G20: =VLOOKUP(B20,Материал!B9:H12,6,0) -> 0 | H20: =G20*F20 -> 0 | J20: Закуп подрядчика
B21: Решетчатые двери б/у | D21: шт | F21: 73 | G21: =VLOOKUP(B21,Материал!B10:H13,6,0) -> 0 | H21: =G21*F21 -> 0 | I21: б/у
B22: Замки навесные | C22: чугун 62 мм | D22: шт | E22: 1 | F22: =F17+F18 -> 164 | G22: =VLOOKUP(B22,Материал!B11:H14,6,0) -> 0 | H22: =G22*F22 -> 0 | J22: Закуп подрядчика
B23: Прочие материалы (грунт, элеткроды, труба) | J23: Закуп подрядчика
A24: 03.03.02 | B24: Демонтаж временного ограждения (решетчатые двери)
A25: 03.03.02.00 | B25: Демонтаж временного ограждения (решетчатые двери) | H25: =H26+H28 -> 0
B26: Работа: | H26: =SUM(H27:H27) -> 0
B27: Демонтаж временного ограждения (решетчатые двери) | D27: шт | F27: 164 | G27: =VLOOKUP(B27,Работа!B15:H15,6,0) -> 0 | H27: =G27*F27 -> 0 | I27: с сохранением изделия
B28: Материалы: | H28: =SUM(H29:H29) -> 0
B29: - | H29: =G29*F29 -> 0
B30: Итого по ЛСР, с НДС: | H30: =H25+H15 -> 0
B31: в тч стоимость работ: | H31: =H16+H26 -> 0
B32: в тч стоимость материалов: | H32: =H19+H28 -> 0
B33: в тч НДС _%: | H33: =H20+H29 -> 0
B34: Примечание:
A35: - | B35: Стоимость СМР учитывает: затраты на все второстепенные материалы и работы необходимые для осуществления полного комплекса работ, включая затраты: обеспечение технической водой для производства работ и бытовых целей; на мобилизацию, аренду и эксплуатацию всех необходимых механизмов, оборудования и инструментов, бытовых помещений и биотуалетов; на подъем материалов и разноску по этажам к местам производства работ; выполнение сопутствующих работ; вывоз мусора; накладные расходы, прибыль организации, налоги и иные издержки Подрядчика; Обеспечение безопасного производства труда.
A36: - | B36: В случае, если один из перечисленных прочих материалов не был использован по факту при производстве работ, заказчик вправе откорректировать процент прочих материалов в актах выполненных работ (формы КС-2, КС-3), уменьшив на сумму исключенного материала.
A37: - | B37: Стоимость материалов учитывает доставку.
A38: - | B38: В случае изменения системы налогообложения, риски увеличения стоимости договора относятся на сторону, чья система налогообложения изменяется.

Sheet ГП-76
J1: Приложение №1
J2: к Договору подряда №
B4: ПОДРЯДЧИК: | D4: ТЕХНИЧЕСКИЙ ЗАКАЗЧИК: | G4: ЗАКАЗЧИК:
D5: ООО "ТЗ "ЭНКО" | G5: ООО "ЭНКО"
B7: ______________/ | D7: _____________/С.И. Ярков | G7: _________________/С.И. Ярков
A9: Локальный сметный расчет №2 (ГП-76)
A11: № | B11: Наименование | C11: Характеристика | D11: Ед. изм. | E11: Норма расхода | F11: Кол-во | G11: Цена за ед.изм. | H11: Сумма | I11: Примечание | J11: Форма закупа материала
A12: 03 | B12: Каркас
A13: 03.03 | B13: Временные ограждения (решетчатые двери)
A14: 03.03.01 | B14: Устройство временных ограждений (решетчатые двери)
A15: 03.03.01.00 | B15: Устройство временных ограждений (решетчатые двери) | H15: =H16+H19 -> 0
B16: Работа: | H16: =SUM(H17:H18) -> 0
B17: Изготовление и монтаж временного ограждения (решетчатые двери) | D17: шт | F17: 85 | G17: =VLOOKUP(B17,Работа!B10:H15,6,0) -> 0 | H17: =G17*F17 -> 0
B18: Монтаж временного ограждения (решетчатые двери) | D18: шт | F18: 0 | G18: =VLOOKUP(B18,Работа!B11:H16,6,0) -> 0 | H18: =G18*F18 -> 0
B19: Материалы: | H19: =SUM(H20:H23) -> 0
B20: Арматура | C20: Ø12 А500С | D20: т | E20: 0.023 | F20: =E20*F17 -> 1.955 | G20: =VLOOKUP(B20,Материал!B9:H12,6,0) -> 0 | H20: =G20*F20 -> 0 | J20: Закуп подрядчика
B21: Решетчатые двери б/у | D21: шт | F21: 0 | G21: =VLOOKUP(B21,Материал!B10:H13,6,0) -> 0 | H21: =G21*F21 -> 0 | I21: б/у
B22: Замки навесные | C22: чугун 62 мм | D22: шт | E22: 1 | F22: =F18+F17 -> 85 | G22: =VLOOKUP(B22,Материал!B11:H14,6,0) -> 0 | H22: =G22*F22 -> 0 | J22: Закуп подрядчика
B23: Прочие материалы (грунт, электроды, труба) | J23: Закуп подрядчика
A24: 03.03.02 | B24: Демонтаж временного ограждения (решетчатые двери)
A25: 03.03.02.00 | B25: Демонтаж временного ограждения (решетчатые двери) | H25: =H26+H28 -> 0
B26: Работа: | H26: =SUM(H27:H27) -> 0
B27: Демонтаж временного ограждения (решетчатые двери) | D27: шт | F27: 85 | G27: =VLOOKUP(B27,Работа!B15:H15,6,0) -> 0 | H27: =G27*F27 -> 0 | I27: с сохранением изделия
B28: Материалы: | H28: =SUM(H29:H29) -> 0
B29: - | H29: =G29*F29 -> 0
B30: Итого по ЛСР, с НДС: | H30: =H25+H15 -> 0
B31: в тч стоимость работ: | H31: =H16+H26 -> 0
B32: в тч стоимость материалов: | H32: =H19+H28 -> 0
B33: в тч НДС _%: | H33: =H20+H29 -> 0
B34: Примечание:
A35: - | B35: Стоимость СМР учитывает: затраты на все второстепенные материалы и работы необходимые для осуществления полного комплекса работ, включая затраты: обеспечение технической водой для производства работ и бытовых целей; на мобилизацию, аренду и эксплуатацию всех необходимых механизмов, оборудования и инструментов, бытовых помещений и биотуалетов; на подъем материалов и разноску по этажам к местам производства работ; выполнение сопутствующих работ; вывоз мусора; накладные расходы, прибыль организации, налоги и иные издержки Подрядчика; Обеспечение безопасного производства труда.
A36: - | B36: В случае, если один из перечисленных прочих материалов не был использован по факту при производстве работ, заказчик вправе откорректировать процент прочих материалов в актах выполненных работ (формы КС-2, КС-3), уменьшив на сумму исключенного материала.
A37: - | B37: Стоимость материалов учитывает доставку.
A38: - | B38: В случае изменения системы налогообложения, риски увеличения стоимости договора относятся на сторону, чья система налогообложения изменяется.

Sheet Работа
A2: Ведомость работ (ГП75,76)
A4: № | B4: Наименование | C4: Характеристика | D4: Ед. изм. | E4: Норма расхода | F4: Кол-во | G4: Цена за ед.изм. | H4: Сумма | I4: Примечание | J4: Форма закупа материала
A5: 03 | B5: Каркас
A6: 03.03 | B6: Временные ограждения (решетчатые двери)
A7: 03.03.01 | B7: Устройство временных ограждений (решетчатые двери)
A8: 03.03.01.00 | B8: Устройство временных ограждений (решетчатые двери)
B9: Работа:
B10: Изготовление и монтаж временного ограждения (решетчатые двери) | D10: шт | F10: ='ГП-75'!F17+'ГП-76'!F17 -> 176 | H10: =G10*F10 -> 0
B11: Монтаж временного ограждения (решетчатые двери) | D11: шт | F11: ='ГП-76'!F18+'ГП-75'!F18 -> 73 | H11: =G11*F11 -> 0
A12: 03.03.02 | B12: Демонтаж временного ограждения (решетчатые двери)
A13: 03.03.02.00 | B13: Демонтаж временного ограждения (решетчатые двери)
B14: Работа:
B15: Демонтаж временного ограждения (решетчатые двери) | D15: шт | F15: ='ГП-75'!F27+'ГП-76'!F27 -> 249 | H15: =G15*F15 -> 0 | I15: с сохранением изделия
B16: Итого | G16: ИТОГО | H16: =H15+H11+H10 -> 0
B17: Примечание:
A18: - | B18: Стоимость СМР учитывает: затраты на все второстепенные материалы и работы необходимые для осуществления полного комплекса работ, включая затраты: обеспечение технической водой для производства работ и бытовых целей; на мобилизацию, аренду и эксплуатацию всех необходимых механизмов, оборудования и инструментов, бытовых помещений и биотуалетов; на подъем материалов и разноску по этажам к местам производства работ; выполнение сопутствующих работ; вывоз мусора; накладные расходы, прибыль организации, налоги и иные издержки Подрядчика; Обеспечение безопасного производства труда.
A19: - | B19: В случае, если один из перечисленных прочих материалов не был использован по факту при производстве работ, заказчик вправе откорректировать процент прочих материалов в актах выполненных работ (формы КС-2, КС-3), уменьшив на сумму исключенного материала.
A20: - | B20: Стоимость материалов учитывает доставку.
A21: - | B21: В случае изменения системы налогообложения, риски увеличения стоимости договора относятся на сторону, чья система налогообложения изменяется.

Sheet Материал
A1: Ведомость материалов (ГП75,76)
A3: № | B3: Наименование | C3: Характеристика | D3: Ед. изм. | E3: Норма расхода | F3: Кол-во | G3: Цена за ед.изм. | H3: Сумма | I3: Примечание | J3: Форма закупа материала
A4: 03 | B4: Каркас
A5: 03.03 | B5: Временные ограждения (решетчатые двери)
A6: 03.03.01 | B6: Устройство временных ограждений (решетчатые двери)
A7: 03.03.01.00 | B7: Устройство временных ограждений (решетчатые двери)
B8: Материалы:
B9: Арматура | C9: Ø12 А500С | D9: т | E9: 0.023 | F9: ='ГП-75'!F20+'ГП-76'!F20 -> 4.048 | H9: =G9*F9 -> 0 | J9: Закуп подрядчика
B10: Решетчатые двери б/у | D10: шт | F10: ='ГП-75'!F21+'ГП-76'!F21 -> 73 | H10: =G10*F10 -> 0 | I10: б/у
B11: Замки навесные | C11: чугун 62 мм | D11: шт | E11: 1 | F11: ='ГП-75'!F22+'ГП-76'!F22 -> 249 | H11: =G11*F11 -> 0 | J11: Закуп подрядчика
B12: Прочие материалы (грунт, электроды, труба) | J12: Закуп подрядчика
A13: 03.03.02 | B13: Демонтаж временного ограждения (решетчатые двери)
A14: 03.03.02.00 | B14: Демонтаж временного ограждения (решетчатые двери)
B15: Материалы:
B16: - | H16: =G16*F16 -> 0
B17: Итого | H17: =SUM(H9:H16) -> 0
B18: Примечание:
A19: - | B19: Стоимость СМР учитывает: затраты на все второстепенные материалы и работы необходимые для осуществления полного комплекса работ, включая затраты: обеспечение технической водой для производства работ и бытовых целей; на мобилизацию, аренду и эксплуатацию всех необходимых механизмов, оборудования и инструментов, бытовых помещений и биотуалетов; на подъем материалов и разноску по этажам к местам производства работ; выполнение сопутствующих работ; вывоз мусора; накладные расходы, прибыль организации, налоги и иные издержки Подрядчика; Обеспечение безопасного производства труда.
A20: - | B20: В случае, если один из перечисленных прочих материалов не был использован по факту при производстве работ, заказчик вправе откорректировать процент прочих материалов в актах выполненных работ (формы КС-2, КС-3), уменьшив на сумму исключенного материала.
A21: - | B21: Стоимость материалов учитывает доставку.
A22: - | B22: В случае изменения системы налогообложения, риски увеличения стоимости договора относятся на сторону, чья система налогообложения изменяется.
H25: =H17+Работа!H16 -> 0
H26: ='ГП-75'!H30+'ГП-76'!H30 -> 0
